 Dungeon Crawl Stone Soup version 0.30-a0-632-g346586fe48 (webtiles) character file.

Game seed: 15526468534418837953

241 Leeroy the Slasher (level 6, -2/35 HPs)
             Began as a Tengu Warper on Jan 13, 2023.
             Killed from afar by a white imp (18 damage)
             ... with a puff of frost
             ... on level 6 of the Dungeon.
             The game lasted 00:03:16 (3224 turns).

Leeroy the Slasher (Tengu Warper)                   Turns: 3224, Time: 00:03:16

Health: -2/35      AC:  3    Str: 11    XL:     6   Next: 8%
Magic:  10/10      EV: 19    Int: 14    God:
Gold:   210        SH:  0    Dex: 15    Spells: 4/9 levels left

rFire   + . .      SeeInvis .    a - +0 falchion
rCold   x . .      Faith    .    (no shield)
rNeg    . . .      Spirit   .    b - +0 leather armour
rPois   .          Reflect  .    (helmet restricted)
rElec   .          Harm     .    (no cloak)
rCorr   .          Rampage  .    (no gloves)
Will    .....                    (boots unavailable)
Stlth   +                        f - amulet of magic regeneration
HPRegen 0.25/turn                o - +5 ring of evasion
MPRegen 0.52/turn                n - ring of fire

@: flying quickly and evasively, quick
A: beak, talons 3, nimble flight
a: no special abilities


You were on level 6 of the Dungeon.
You visited 1 branch of the dungeon, and saw 5 of its levels.

You collected 210 gold pieces.

Inventory:

Hand Weapons
 a - a +0 falchion (weapon)
Missiles
 d - 7 boomerangs of dispersal (quivered)
 g - 10 boomerangs
Armour
 b - a +0 leather armour (worn)
Jewellery
 f - an amulet of magic regeneration (around neck)
 n - a ring of fire (right hand)
 o - a +5 ring of evasion (left hand)
Scrolls
 c - 2 scrolls of blinking
 i - 2 scrolls of fog {unknown}
 j - 6 scrolls of teleportation {unknown}
 k - a scroll of enchant weapon {unknown}
 m - 2 scrolls of immolation {unknown}
Potions
 e - 2 potions of mutation {unknown}
 h - 2 potions of curing {unknown}
 l - a potion of haste {unknown}
 p - a potion of flight {unknown}


   Skills:
 - Level 2.0 Fighting
 + Level 6.8 Long Blades
 - Level 1.0 Throwing
 - Level 1.1 Armour
 - Level 2.1 Dodging
 - Level 2.0 Spellcasting
 - Level 2.4 Translocations


You had 4 spell levels left.
You knew the following spells:

 Your Spells              Type           Power      Damage    Failure   Level
a - Blink                 Tloc           16%        N/A       19%         2
b - Vhi's Electric Charg  Tloc/Air       8%         N/A       50%         3

Your spell library contained the following spells:

 Spells                   Type           Power      Damage    Failure   Level
 Necrotise                Necr           4%         1d4       30%         1
 Lesser Beckoning         Tloc           16%        N/A       34%         3
 Teleport Other           Tloc           8%         N/A       34%         3
 Vampiric Draining        Necr           1%         2d6       67%         3
 Manifold Assault         Tloc           8%         N/A       75%         4
 Agony                    Necr           1%         N/A       100%        5


Dungeon Overview and Level Annotations

Branches:
Dungeon (4/15)
 Temple: D:4-7

Altars:
Okawaru


Innate Abilities, Weirdness & Mutations

You have a beak for a mouth.
You have claws for feet.
Your magical nature lets you fly swiftly and evasively.


Message History

You reach down and close the door.
You start resting.
HP restored.
Something unseen breaks down the door.
A jelly and an orc come into view.
Found a book of Vapours.
The jelly quivers.
The orc shouts!
The orc wizard shouts!
The orc wizard hits you with a +0 dagger.
The white imp barely misses you.
There is a broken door here.
You closely miss the orc wizard. You claw the orc wizard.
The orc wizard is moderately wounded.
The white imp completely misses you. The orc wizard closely misses you.
The jelly jiggles.
You closely miss the orc wizard. You claw the orc wizard.
You peck the orc wizard.
The orc wizard is almost dead.
The orc wizard casts a spell at you. You resist with some effort.
The white imp closely misses you. The orc wizard casts a spell at you.
The puff of flame hits you. You resist.
You hit the white imp.
You peck the white imp, but do no damage.
Your punch misses the white imp.
The white imp is lightly wounded.
The white imp gestures at you. The puff of frost misses you.
The orc wizard gestures wildly while chanting.
The orc wizard flickers and vanishes!
Deactivating autopickup; reactivate with Ctrl-A.
You closely miss the white imp.
The white imp is lightly wounded.
The white imp gestures at you. The puff of frost hits you!
You feel a terrible chill!
You hit the white imp but do no damage.
The white imp is lightly wounded.
The white imp gestures at you. The puff of frost hits you!!
You feel a terrible chill!
Ouch! That really hurt!
You die...

#....# ########..
#....# .......#.#
#....+ :.$....#.#
#....# .......#.#
#....# .......#.#
#....# .......#.#
#....# ......o#.#
##.#.#
......o5.## #.#.#
.......#@.#
#...##########..#
#...............#
##..............#
################


You could see an orc wizard, a white imp and an orc.

Vanquished Creatures
  A phantom (D:3)
  A howler monkey (D:3)
  A jelly (D:3)
  An adder (D:2)
  A worm (D:2)
  3 dart slugs
  An orc (D:2)
  5 ball pythons
  4 bats
  6 endoplasms
  6 giant cockroaches
  8 goblins
  8 hobgoblins
  5 jackals
  6 kobolds (D:1)
  A quokka (D:2)
  11 frilled lizards
  7 rats
76 creatures vanquished.

Notes
Turn   | Place    | Note
-------+----------+-------------------------------------------
     0 | D:1      | Leeroy the Tengu Warper began the quest for the Orb.
     0 | D:1      | Reached XP level 1. HP: 12/12 MP: 4/4
   145 | D:1      | Reached XP level 2. HP: 10/17 MP: 6/6
   147 | D:1      | Reached skill level 3 in Long Blades
   546 | D:1      | Reached XP level 3. HP: 21/21 MP: 7/7
   686 | D:1      | Reached skill level 4 in Long Blades
  1250 | D:2      | Reached XP level 4. HP: 24/26 MP: 8/8
  1802 | D:2      | Learned a level 2 spell: Blink
  1806 | D:2      | Learned a level 3 spell: Vhi's Electric Charge
  1979 | D:3      | Reached skill level 5 in Long Blades
  2133 | D:3      | Noticed a phantom
  2143 | D:3      | Killed a phantom
  2144 | D:3      | Reached skill level 6 in Long Blades
  2144 | D:3      | Gained mutation: Your magical nature lets you fly swiftly
                  | and evasively. [Tengu growth]
  2144 | D:3      | Reached XP level 5. HP: 14/30 MP: 9/9
  2513 | D:3      | Reached XP level 6. HP: 29/35 MP: 10/10
  2706 | D:3      | Found an iron altar of Okawaru.
  3189 | D:4      | You are sucked into a shaft and drop 2 floors!
  3224 | D:6      | Killed from afar by a white imp

Illustrated notes

Levels and vault maps discovered:
D:1:      lightli_arrival_noodles, layout_basic, moated_statue
D:2:      layout_loops_ring, minmay_lizard_pond
D:3:      kennysheep_big_flooded_room, layout_loops_corners,
          kennysheep_okawaru_gauntlet
D:4:      layout_loops_corners, led_sif_pool, general_overflow_altar,
          nicolae_overflow_squiral, temple_doors_ab
D:6:      cheibrodos_fzero, layout_rooms, lemuel_tele_altar,
          hangedman_decor_slide_cut, minivault_25

Skill      XL: |  1  2  3  4 |
---------------+-------------+-----
Long Blades    | 3 4 6 |  6.8
Fighting       | |  2.0
Throwing       | |  1.0
Armour         | |  1.1
Dodging        | |  2.1
Spellcasting   | |  2.0
Translocations | |  2.4

Action                   |  1- 3 |  4- 6 || total
-------------------------+-------+-------++-------
Melee: Falchion          |   102 |    98 ||   200
       Peck              |    12 |    10 ||    22
       Kick              |    26 |    19 ||    45
       Punch             |     1 |     1 ||     2
 Cast: Blink             |       |     1 ||     1
 Stab: Sleeping          |       |     1 ||     1
Armor: Leather armour    |    25 |    21 ||    46
Dodge: Dodged            |    63 |    77 ||   140

Table legend: (Time is in decaauts)
 A = Elapsed time spent in this place.
 B = Non-inter-level travel time spent in this place.
 C = Inter-level travel time spent in this place.
 D = Time resting spent in this place.
 E = Time spent auto-exploring this place.
 F = Levels seen in this place.
 G = Mean time per level.
                   A        B        C        D        E       F      G
               +--------+--------+--------+--------+--------+-----+--------+
         Total |   3168 |   3114 |     54 |     86 |   2541 |   5 |  633.6 |
       Dungeon |   3168 |   3114 |     54 |     86 |   2541 |   5 |  633.6 |
               +--------+--------+--------+--------+--------+-----+--------+

Top non-repeatable levels by time:
     D:3: 1217 daAuts
     D:1: 1134 daAuts
     D:2: 776 daAuts
     D:6: 32 daAuts
     D:4: 8 daAuts
